Map: King Sejong Station LE

Players

SortOf

  • Race: Zerg Zerg
  • League: Grandmaster

LiquidTLO (TLO) - Winner!

  • Race: Zerg Zerg
  • League: Grandmaster

VOD

Have the link to the VOD?

Description

Time

  • Played on: July 3, 2016, 3:15 p.m.
  • Length: 7:32
Show
View Real Time Build Order
Export as new Build Order

SortOf Zerg 

Build Orders: Pool First 

Get SALT Encoding   

  12  0:18  Spawning Pool  
  11  0:22  Drone  
  11  0:27  Drone  
  13  0:32  Drone  
  14  0:43  Overlord  
  14  1:05  Zergling x6  
  14  1:06  Queen  
  19  1:17  Zergling x2  
  20  1:23  Extractor  
  19  1:28  Zergling x2  
  20  1:37  Hatchery  
  19  1:40  Zergling x2  
  20  1:49  Zergling x2  
  21  1:59  Overlord  
  21  2:10  Drone  
  22  2:18  Zergling x6  
  25  2:35  Zergling x2  
  25  2:36  Metabolic Boost  
  26  2:50  Zergling x8  
  30  3:01  Zergling x2  
  30  3:02  Zergling x2  
  32  3:09  Overlord  
  32  3:13  Zergling x2  
  33  3:24  Zergling x4  
  35  3:32  Zergling x2  
  35  3:33  Zergling x2  
  37  3:38  Zergling x2  
  38  3:43  Zergling x2  
  38  3:46  Zergling x2  
  38  3:54  Zergling x4  
  37  3:59  Zergling x2  
  38  4:04  Zergling x2  
  32  4:18  Zergling x2  
  32  4:24  Zergling x4  
  27  4:27  Zergling x2  
  27  4:31  Zergling x2  
  27  4:33  Drone x2  
  27  4:36  Drone  
  29  4:46  Drone x2  
  29  4:50  Drone  
  32  4:56  Drone x2  
  34  5:04  Drone x2  
  36  5:12  Drone  
  32  5:20  Drone  
  33  5:21  Roach Warren  
  33  5:24  Overlord  
  33  5:27  Drone  
  33  5:40  Overlord  
  33  6:02  Roach  
  29  6:04  Roach x5  
  29  6:05  Roach  
  29  6:11  Roach  
  43  6:12  Roach  
  43  6:17  Roach  
  47  6:21  Roach  
  49  6:30  Roach  
  51  6:36  Roach  
  53  6:44  Roach  
  55  6:55  Roach  
  54  7:02  Roach  
  54  7:04  Zergling x6  
  54  7:07  Zergling x2  
  57  7:12  Zergling x2  
Show
View Real Time Build Order
Export as new Build Order

LiquidTLO Zerg - Winner!

Build Orders: Hatch First, Zergling Baneling 

Get SALT Encoding   

  12  0:01  Drone  
  13  0:13  Overlord  
  13  0:17  Drone  
  14  0:31  Drone x2  
  16  0:36  Drone  
  17  0:53  Hatchery  
  17  0:55  Drone  
  17  0:58  Drone  
  17  1:01  Extractor  
  17  1:14  Spawning Pool  
  17  1:18  Drone  
  17  1:21  Drone  
  18  1:28  Drone  
  19  1:40  Overlord  
  19  2:02  Queen, Spine Crawler  
  19  2:03  Zergling x2  
  19  2:04  Zergling x2  
  19  2:05  Baneling Nest  
  19  2:08  Zergling x2  
  22  2:11  Zergling x2  
  22  2:15  Zergling x2  
  24  2:21  Metabolic Boost  
  23  2:45  Zergling x2  
  24  2:54  Zergling x2, Hatchery  
  23  2:59  Zergling x2  
  23  3:03  Zergling x2  
  25  3:06  Zergling x2  
  25  3:11  Zergling x2  
  25  3:12  Zergling x2  
  28  3:18  Zergling x2  
  29  3:26  Zergling x2  
  29  3:27  Evolution Chamber  
  29  3:31  Zergling x2  
  29  3:39  Overlord  
  29  3:53  Baneling  
  29  3:57  Baneling x3  
  29  4:04  Zergling x2  
  29  4:05  Baneling  
  29  4:06  Zergling x2  
  29  4:09  Zergling x2  
  32  4:15  Zergling x2  
  30  4:21  Zergling x4  
  30  4:24  Drone  
  30  4:28  Drone  
  30  4:33  Zergling x2  
  31  4:45  Baneling  
  31  4:48  Drone  
  31  4:51  Drone  
  33  4:52  Baneling  
  33  4:56  Drone  
  33  4:57  Baneling  
  34  5:00  Baneling x4  
  34  5:03  Drone  
  34  5:06  Drone  
  36  5:14  Drone x2  
  36  5:20  Drone  
  38  5:22  Drone  
  39  5:29  Drone  
  40  5:37  Overlord  
  40  5:41  Zergling x6  
  43  5:43  Baneling x2  
  43  5:45  Zergling x2  
  44  6:00  Zergling x2  
  44  6:01  Zergling x2  
  44  6:02  Zergling x2  
  45  6:04  Zergling x2  
  45  6:05  Zergling x4  
  48  6:12  Overlord  
  48  6:14  Roach Warren  
  48  6:15  Baneling  
  48  6:16  Zergling x4, Baneling  
  48  6:17  Zergling x2  
  50  6:21  Zergling x2  
  51  6:30  Overlord  
  51  6:31  Drone  
  51  6:32  Queen  
  51  6:35  Extractor  
  51  6:37  Drone  
  50  6:54  Roach  
  50  6:55  Roach x3  
  50  6:56  Roach  
  50  6:57  Roach  
  61  7:05  Roach  
  63  7:08  Roach  
  63  7:11  Overlord  
  65  7:17  Ravager x2  
Tags
 
Add a new tag
Caveats
  • Supply blocks, unpowered buildings, or Contaminate may cause inaccurate times.
  • Supply counts are checked every 10 seconds.